 Dungeon Crawl Stone Soup version 0.29.1-2-gbd0b4ee654 (webtiles) character file.

Game seed: 12545411413692350013

2 DemonSlayer the Firebug (level 1, 0/13 HPs)
             Began as a Demonspawn Fire Elementalist on Nov 8, 2022.
             Slain by a bat (1 damage)
             ... on level 2 of the Dungeon.
             The game lasted 00:01:55 (637 turns).

DemonSlayer the Firebug (DsFE)                       Turns: 637, Time: 00:01:56

Health: 0/13       AC:  2    Str:  8    XL:     1   Next: 25%
Magic:  3/3        EV: 12    Int: 16    God:
Gold:   0          SH:  0    Dex: 13    Spells: 3/4 levels left

rFire   . . .      SeeInvis .   b - +0 dagger
rCold   . . .      Faith    .   (no shield)
rNeg    . . .      Spirit   .   a - +0 robe
rPois   .          Reflect  .   (no helmet)
rElec   .          Harm     .   (no cloak)
rCorr   .          Rampage  .   (no gloves)
Will    .....                   (no boots)
Stlth   ++........              (no amulet)
HPRegen 0.04/turn               (no ring)
MPRegen 0.08/turn               (no ring)

@: no status effects
A: no striking features
a: no special abilities


You were on level 2 of the Dungeon.
You visited 1 branch of the dungeon, and saw 2 of its levels.

Inventory:

Hand Weapons
 b - a +0 dagger (weapon)
Armour
 a - a +0 robe (worn)


   Skills:
 + Level 1.7 Dodging
 + Level 1.9 Stealth
 + Level 2.0 Spellcasting
 + Level 1.0 Conjurations
 + Level 2.6 Fire Magic


You had 3 spell levels left.
You knew the following spells:

 Your Spells              Type           Power      Damage    Failure   Level
a - Foxfire               Conj/Fire      28%        2x1d5     10%         1

Your spell library contained the following spells:

 Spells                   Type           Power      Damage    Failure   Level
 Scorch                   Fire           20%        2d6       11%         2
 Conjure Flame            Conj/Fire      7%         6-21      28%         3
 Inner Flame              Hex/Fire       5%         N/A       34%         3
 Flame Wave               Conj/Fire      7%         2d5       67%         4


Dungeon Overview and Level Annotations

Branches:
Dungeon (1/15)

Altars:

Annotations:
D:2 Terence


Message History

The bat misses you. The bat barely misses you. The bat hits you.
The bat attacks as you move away! The bat barely misses you.
A worm comes into view.
The bat barely misses you.
Found a sapphire potion.
Found a stone staircase leading down.
The bat hits you but does no damage. The bat attacks as you move away!
The bat hits you. The bat barely misses you. The bat hits you.
The bat attacks as you move away! The bat misses you. The bat hits you.
You closely miss the bat. The bat barely misses you. x2
You miss the bat. The bat closely misses you.
You closely miss the bat. The bat closely misses you.
You barely miss the bat. The bat hits you. The bat completely misses you.
Found 13 gold pieces.
The bat hits you. The bat attacks as you move away!
The bat hits you but does no damage. The bat barely misses you.
The bat hits you but does no damage.
You see here 13 gold pieces.
The bat attacks as you move away! The bat closely misses you. The bat hits you.
Found 6 stones.
The bat hits you but does no damage. The bat attacks as you move away!
The bat hits you.
* * * LOW HITPOINT WARNING * * *
The bat misses you. The bat hits you but does no damage.
You miss the bat. The bat closely misses you. The bat hits you.
* * * LOW HITPOINT WARNING * * *
You barely miss the bat. The bat hits you but does no damage.
You barely miss the bat. The bat hits you but does no damage.
You completely miss the bat. The bat closely misses you. x2
You barely miss the bat. The bat barely misses you. The bat hits you.
* * * LOW HITPOINT WARNING * * *
You hit the bat.
The bat is severely wounded.
The bat barely misses you. The bat hits you but does no damage. x2
You closely miss the bat.
The bat is severely wounded.
The bat hits you.
You die...

### ..#### .##
### ...... ....
..( .K######.###
#.# .K.........#
#.# ...........#
#.# ...........#
#.# ...........#
#@# ##.........#
#b# #
#######.### #r#
#.# #r# #K# ..
#.# #g#.#
####.#######...#
#....g.K.r...###
#...##.######..#
.... #.# ..##


You could see a hobgoblin, a bat, a kobold and a rat.

Vanquished Creatures
  A hobgoblin (D:1)
  A frilled lizard (D:1)
2 creatures vanquished.

Vanquished Creatures (others)
  9 foxfires (D:1)
9 creatures vanquished.

Grand Total: 11 creatures vanquished

Notes
Turn   | Place    | Note
-------+----------+-------------------------------------------
     0 | D:1      | DemonSlayer the Demonspawn Fire Elementalist began the
                  | quest for the Orb.
     0 | D:1      | Reached XP level 1. HP: 13/13 MP: 3/3
    68 | D:1      | You fall into a shaft and drop 1 floor!
   564 | D:2      | Noticed Terence
   637 | D:2      | Slain by a bat

Illustrated notes

Levels and vault maps discovered:
D:1:      erik_arrival_cave_to_civilisation [erik_arrival_cave_to_hall],
          layout_basic, serial_shops, shop, shapermc_ecumenical_altar_flowoftime
D:2:      layout_basic, uniq_terence

Action                   || total
-------------------------++-------
Melee: Dagger            ||    11
       Unarmed           ||     1
 Cast: Foxfire           ||     6
  Use: Potion            ||     2
Armor: Robe              ||    21
Dodge: Dodged            ||    41
